 Dungeon Crawl Stone Soup version 0.31.0-12-g77e489cdc1 (webtiles) character file.

Game seed: 1877465557501261917

20773 abcdefg the Marksant (level 13, -18/103 HPs)
             Began as a Formicid Hunter on Feb 25, 2024.
             Demolished by a skeletal warrior
             ... wielding a +0 hand axe
              (19 damage)
             ... on level 12 of the Dungeon.
             The game lasted 00:44:01 (16275 turns).

abcdefg the Marksant (Formicid Hunter)             Turns: 16275, Time: 00:44:02

Health: -18/103    AC:  9    Str: 19    XL:     13   Next: 14%
Magic:  13/13      EV: 19    Int:  9    God:
Gold:   540        SH:  0    Dex: 19    Spells: 12/12 levels left

rFire   . . .        g - +27 heavy crossbow "Sniper" {heavy, Acc+∞ SInv}
rCold   . . .        (no shield)
rNeg    . . .        c - +2 leather armour
rPois   .            (helmet unavailable)
rElec   .            u - +1 cloak
rCorr   .            (no gloves)
SInv    +            s - +0 pair of boots
Will    +....        Y - amulet of regeneration
Stlth   +++          G - ring of flight
HPRegen 1.17/turn    Q - +5 ring of evasion
MPRegen 0.13/turn

%: no passive effects
@: flying
A: permanent stasis, dig shafts and tunnels, antennae 3, four strong arms
a: Dig, Shaft Self


You were on level 12 of the Dungeon.
You visited 2 branches of the dungeon, and saw 14 of its levels.

You collected 540 gold pieces.

Inventory:

Hand Weapons
 a - a +0 shortbow
 g - the +27 heavy crossbow "Sniper" (weapon) {heavy, Acc+∞ SInv}
   (You found it on level 2 of the Dungeon)

   Acc+∞: It never misses its target.
   SInv:      It lets you see invisible.
 l - a +1 mace of protection
 v - a +5 hand axe
 B - a +0 shortbow
 F - a +0 flail
 J - a +2 orcbow of freezing
 S - a +3 scimitar
 U - a +0 flail
Missiles
 D - 3 silver javelins
 N - 3 throwing nets
Armour
 c - a +2 leather armour (worn)
 s - a +0 pair of boots (worn)
 u - a +1 cloak (worn)
 W - a +0 robe
 X - a +0 robe
Magical Staves
 p - a staff of earth
 E - a staff of air
Jewellery
 b - an amulet of reflection
 i - an amulet of magic regeneration
 r - a ring of magical power
 w - a ring of positive energy
 G - a ring of flight (left hand)
 H - a ring of protection from cold
 I - a ring of ice
 Q - a +5 ring of evasion (right hand)
 Y - an amulet of regeneration (around neck)
Wands
 j - a wand of flame (112)
 x - a wand of light (10)
 A - a wand of mindburst (10)
 L - a wand of paralysis (16)
Scrolls
 d - a scroll of blinking
 e - 3 scrolls of teleportation
 f - a scroll of enchant armour
 m - a scroll of noise
 t - 3 scrolls of fog
 y - a scroll of vulnerability
 z - a scroll of identify
 C - 3 scrolls of poison
Potions
 k - 2 potions of might
 n - 3 potions of lignification
 o - a potion of invisibility {unknown}
 q - 2 potions of magic
 K - 3 potions of curing {unknown}
 M - 3 potions of attraction {unknown}
 R - 2 potions of degeneration


   Skills:
 + Level 10.0 Fighting
 + Level 16.6 Ranged Weapons
 + Level 6.5 Armour
 + Level 4.5 Dodging
 + Level 6.2 Stealth
 + Level 4.4 Shields


You had 12 spell levels left.
You didn't know any spells.
Your spell library contained the following spells:

 Spells                   Type           Power      Damage    Failure   Level
 Apportation              Tloc           0%         N/A       43%         1
 Magic Dart               Conj           0%         1d3       43%         1
 Necrotise                Necr           0%         1d4       43%         1
 Sting                    Conj/Alch      0%         1d3       43%         1
 Summon Small Mammal      Summ           0%         N/A       43%         1
 Call Imp                 Summ           0%         N/A       56%         2
 Ensorcelled Hibernation  Hex/Ice        0%         N/A       56%         2
 Lesser Beckoning         Tloc           0%         N/A       56%         2
 Sublimation of Blood     Necr           0%         N/A       56%         2
 Fugue of the Fallen      Necr           0%         N/A       80%         3
 Gell's Gravitas          Tloc           0%         N/A       80%         3
 Passwall                 Erth           0%         N/A       80%         3
 Teleport Other           Tloc           0%         N/A       80%         3
 Anguish                  Hex/Necr       0%         N/A       99%         4
 Ignite Poison            Fire/Alch      0%         N/A       99%         4
 Petrify                  Alch/Erth      0%         N/A       99%         4
 Sticky Flame             Fire/Alch      0%         2d4       99%         4
 Irradiate                Conj/Alch      0%         3d11      100%        5
 Ignition                 Fire           0%         3d3       100%        8
 Blink                    Tloc           Unusable   N/A       N/A         2
 Swiftness                Air            Unusable   N/A       N/A         3

Dungeon Overview and Level Annotations

Branches:
Dungeon (12/15)            Temple (0/1) D:4            Lair (2/5) D:8
 Shoals (0/4) Lair:2          Orc (0/2) D:10
  Snake: Lair:2-3    Spider: Lair:2-3

Altars:
Hepliaklqana
Kikubaaqudgha
Qazlal
Ru
Sif Muna
Uskayaw
Wu Jian

Annotations:
D:7 3 runed translucent doors, abcdefg's ghost, novice FoHu
D:10 2 transporters, LoggersVIII's ghost, journeyman OpEE


Innate Abilities, Weirdness & Mutations

You cannot be hasted, slowed, berserked, paralysed or teleported.
You can dig through walls and to a lower floor.
You have a pair of large antennae on your head. (SInv)
Your four strong arms can wield two-handed weapons with a shield.


Message History

The skeletal warrior is almost destroyed.
The skeletal warrior hits you from afar with a +0 glaive.
The skeletal warrior hits you but does no damage.
A skeletal warrior comes into view. It is wielding a +0 war axe.
The skeletal warrior hits you with a +0 mace!
You shoot a bolt. The bolt hits the skeletal warrior!!!!
You destroy the skeletal warrior!
The skeletal warrior closely misses you.
The skeletal warrior hits you from afar with a +0 glaive!!
Your Fighting skill increases to level 10!
You shoot a bolt. The bolt hits the skeletal warrior!!!
The skeletal warrior is almost destroyed.
You hear a howl!
The skeletal warrior hits you with a +0 hand axe!!
The skeletal warrior hits you but does no damage.
The skeletal warrior hits you with a +0 hand axe!
The skeletal warrior barely misses you.
The skeletal warrior completely misses you.
The skeletal warrior hits you with a +0 hand axe!!
* * * LOW HITPOINT WARNING * * *
You feel much better.
The skeletal warrior closely misses you.
The skeletal warrior hits you with a +0 hand axe!
You shoot a bolt. The bolt hits the skeletal warrior!!
The skeletal warrior is moderately damaged.
The skeletal warrior misses you. x2
The skeletal warrior hits you with a +0 war axe!!
* * * LOW HITPOINT WARNING * * *
A howler monkey comes into view.
The skeletal warrior hits you with a +0 hand axe.
* * * LOW HITPOINT WARNING * * *
The skeletal warrior hits you from afar with a +0 glaive!
* * * LOW HITPOINT WARNING * * *
The skeletal warrior closely misses you.
Unknown command.
You feel much better.
The skeletal warrior hits you from afar with a +0 glaive!!
* * * LOW HITPOINT WARNING * * *
The skeletal warrior hits you with a +0 hand axe!!
You die...

............
.h.........
#.........# .
........# . .....(.
.# #z...# #.#{
#..zz##..#
#..@.....#{ { {
..##........#
#........#.#{ {
.....#.......########
.....#......##.......
............##.......
!......###...<......#
~...|.. #.........##
~..... ##........#


You could see 3 skeletal warriors and a howler monkey.

Vanquished Creatures
  Josephine (D:11)
  A hydra (Lair:1)
  A boulder beetle (D:7)
  A skeletal warrior (D:12)
  3 harpies (Lair:1)
  A deep elf zephyrmancer (D:9)
  A deep elf pyromancer (D:9)
  2 elephants (D:8)
  2 cyclopes
  A meliai (shapeshifter) (D:10)
  2 black mambas (Lair:1)
  4 cane toads (Lair:1)
  Maggie (D:9)
  An unseen horror (D:11)
  Psyche (D:11)
  A komodo dragon (D:8)
  2 trolls (D:10)
  A blink frog (Lair:1)
  5 wraiths
  3 wyverns
  21 yaks
  4 steam dragons
  7 vampire mosquitoes
  4 water moccasins
  A black bear (D:4)
  6 orc warriors
  A swamp drake (D:9)
  4 ogres
  2 wolves (Lair:1)
  4 centaurs
  Blork the orc (D:5)
  3 gnoll sergeants
  2 kobold brigands
  6 bullfrogs
  7 scorpions
  13 wights
  4 electric eels (D:8)
  4 howler monkeys
  A crimson imp (D:9)
  2 hounds (D:7)
  3 jellies
  4 orc priests
  4 bombardier beetles
  An iron imp (D:9)
  Ijyb (D:5)
  2 sleepcaps (D:7)
  5 iguanas
  10 orc wizards
  6 adders
  15 gnolls
  A shadow imp (D:9)
  4 white imps
  4 ufetubi (D:6)
  4 dart slugs
  2 ribbon worms
  44 orcs
  5 ball pythons
  2 bats
  12 endoplasms
  2 giant cockroaches (D:3)
  10 goblins
  8 hobgoblins
  2 jackals (D:2)
  13 kobolds
  4 quokkas
  A frilled lizard (D:3)
  11 rats
312 creatures vanquished.

Notes
Turn   | Place    | Note
-------+----------+-------------------------------------------
     0 | D:1      | abcdefg the Formicid Hunter began the quest for the Orb.
     0 | D:1      | Reached XP level 1. HP: 16/16 MP: 1/1
   152 | D:1      | Reached XP level 2. HP: 13/23 MP: 2/2
   176 | D:1      | HP: 1/23 [rat (1)]
   793 | D:1      | Reached XP level 3. HP: 21/28 MP: 3/3
  1379 | D:2      | Reached XP level 4. HP: 35/35 MP: 4/4
  1827 | D:2      | Found the +27 heavy crossbow "Sniper" {heavy, Acc+∞ SInv}
  1923 | D:2      | Reached skill level 1 in Armour
  1965 | D:2      | Found a faded altar of an unknown god.
  2279 | D:3      | Reached skill level 5 in Ranged Weapons
  2295 | D:3      | Reached XP level 5. HP: 41/41 MP: 5/5
  2814 | D:4      | Found a staircase to the Ecumenical Temple.
  2942 | D:4      | Noticed a black bear
  2943 | D:4      | Killed a black bear
  2944 | D:4      | Reached skill level 6 in Ranged Weapons
  2944 | D:4      | Reached XP level 6. HP: 47/47 MP: 6/6
  3292 | D:4      | Reached XP level 7. HP: 53/53 MP: 7/7
  3574 | D:4      | Reached skill level 7 in Ranged Weapons
  4060 | D:5      | Entered Level 5 of the Dungeon
  4210 | D:5      | Noticed Ijyb
  4212 | D:5      | Reached XP level 8. HP: 60/60 MP: 8/8
  4217 | D:5      | Killed Ijyb
  4218 | D:5      | Reached skill level 8 in Ranged Weapons
  4272 | D:5      | Noticed Blork the orc
  4273 | D:5      | Killed Blork the orc
  5637 | D:6      | Reached skill level 9 in Ranged Weapons
  5637 | D:6      | Reached skill level 1 in Shields
  5769 | D:6      | Reached XP level 9. HP: 67/67 MP: 9/9
  5878 | D:6      | Found an ornate altar of the Wu Jian Council.
  6112 | D:6      | Reached skill level 5 in Fighting
  6415 | D:7      | Reached skill level 10 in Ranged Weapons
  6559 | D:7      | Noticed a boulder beetle
  6562 | D:7      | Killed a boulder beetle
  6569 | D:7      | Reached skill level 11 in Ranged Weapons
  6569 | D:7      | Reached skill level 5 in Stealth
  6844 | D:7      | Found a runed translucent gate.
  6844 | D:7      | Found a runed translucent gate.
  6845 | D:7      | Found a runed translucent gate.
  6845 | D:7      | Noticed a hornet
  6852 | D:7      | Noticed abcdefg's ghost (novice FoHu)
  6884 | D:7      | Reached XP level 10. HP: 70/75 MP: 10/10
  7110 | D:7      | Reached skill level 12 in Ranged Weapons
  8643 | D:8      | Found an ancient bone altar of Kikubaaqudgha.
  8645 | D:8      | Found a hide-covered altar of Uskayaw.
  8645 | D:8      | Found a shimmering blue altar of Sif Muna.
  8647 | D:8      | Found a hazy altar of Hepliaklqana.
  8649 | D:8      | Found a stormy altar of Qazlal.
  8698 | D:8      | Found a sacrificial altar of Ru.
  9215 | D:8      | Noticed a komodo dragon
  9220 | D:8      | Killed a komodo dragon
  9222 | D:8      | Reached skill level 13 in Ranged Weapons
  9230 | D:8      | Noticed an elephant
  9263 | D:8      | Killed an elephant
  9264 | D:8      | Reached XP level 11. HP: 83/83 MP: 11/11
  9303 | D:8      | Found a staircase to the Lair.
  9303 | D:8      | Noticed an elephant
  9310 | D:8      | Killed an elephant
  9330 | Lair:1   | Entered Level 1 of the Lair of Beasts
  9345 | Lair:1   | Reached skill level 5 in Armour
  9409 | Lair:1   | Reached skill level 14 in Ranged Weapons
  9427 | Lair:1   | Noticed a five-headed hydra
 11158 | D:9      | Noticed Maggie
 11160 | D:9      | Killed Maggie
 11905 | D:9      | Noticed a deep elf pyromancer
 11906 | D:9      | Killed a deep elf pyromancer
 11907 | D:9      | Reached XP level 12. HP: 92/92 MP: 12/12
 11917 | D:9      | Reached skill level 15 in Ranged Weapons
 12229 | D:10     | Entered Level 10 of the Dungeon
 12353 | D:10     | Found a transporter.
 12625 | D:10     | Noticed LoggersVIII's ghost (journeyman OpEE)
 12629 | D:10     | Noticed a two-headed ogre
 12638 | D:10     | Found a transporter.
 12711 | D:10     | Noticed a boulder beetle
 13005 | D:10     | Found a staircase to the Orcish Mines.
 13332 | Lair:1   | Killed a five-headed hydra
 13511 | Lair:1   | Noticed a catoblepas
 13859 | Lair:2   | Found a staircase to the Shoals.
 13868 | Lair:1   | Reached skill level 16 in Ranged Weapons
 14720 | D:11     | Noticed Psyche
 14721 | D:11     | Killed Psyche
 14893 | D:11     | Noticed Josephine
 14901 | D:11     | Killed Josephine
 14903 | D:11     | Reached XP level 13. HP: 94/102 MP: 13/13
 15113 | D:11     | Identified a scroll of acquirement
 15114 | D:11     | Acquired a +5 ring of evasion
 16173 | D:11     | Identified the +1 scale mail of Cowardice {rN+ Will- Regen+
                  | Int+3}
 16272 | D:12     | Reached skill level 10 in Fighting
 16275 | D:12     | HP: 1/103 [skeletal warrior/+0 glaive (21)]
 16275 | D:12     | Demolished by a skeletal warrior

Illustrated notes

Levels and vault maps discovered:
D:1:      beargit_arrival_greenhouse, layout_rooms, nicolae_grassy_gnolls
D:2:      layout_loops_ring, dreamdust_ecumenical_altar_angels_and_demons,
          nicolae_concentric_dashed_squares_mild, minmay_misc_feat_enclosed,
          hangedman_abyss_or_decor_stabs, corexii_item_surrounded_by_moat
D:3:      layout_basic
D:4:      kennysheep_six_static_rooms, layout_layer_cave, temple_pool_b
D:5:      layout_gridville, minmay_liquid_box, uniq_ijyb, uniq_blork_the_orc
D:6:      layout_cave_pods, mainiacjoe_overflow_alcove_1,
          minmay_misc_feat_secret_circle, kennysheep_generic_room_7
D:7:      minmay_opposing_rooms, layout_basic, gammafunk_ghost_split
D:8:      layout_gridville, grunt_temple_overflow_open,
          grunt_lair_entry_orc_guard_hut, chequers_big_river,
          amcnicky_mini_rare_corridor_liquid
D:9:      layout_basic, nicolae_lava_and_water, hangedman_minor_magic,
          uniq_maggie
D:10:     layout_loops_ring, david_orc_2, nzn_ghost_randoct
D:11:     layout_gridville, nicolae_titane, uniq_josephine, uniq_psyche
D:12:     layout_cave_pools, enter_trove_0, gammafunk_ghost_necromancy,
          fedhas_ov_isle_minmay
Lair:1:   layout_layer_cave, hangedman_lair_generics_rect
Lair:2:   gammafunk_indiana_jones, layout_regular_city,
          nicolae_shoals_entry_roost, lightli_volcano_entry_magma_tube,
          lemuel_fruit_fields

Skill      XL: |  1  2  3  4  5  6  7  8  9 10 11 12 13 |
---------------+----------------------------------------+-----
Fighting       | 3 4 5 6 8 9 10 | 10.0
Dodging        | 2 3 4 |  4.5
Armour         | 1 2 3 4 5 6 |  6.5
Ranged Weapons | 5 6 7 9 11 13 14 16 | 16.6
Stealth        | 2 3 5 6 |  6.2
Shields        | 1 2 3 4 |  4.4

Action                     |  1- 3 |  4- 6 |  7- 9 | 10-12 | 13-15 || total
---------------------------+-------+-------+-------+-------+-------++-------
   Fire: Shortbow          |    91 |    10 |       |       |       ||   101
         Heavy crossbow    |       |    54 |    68 |   200 |    18 ||   340
         Orcbow            |       |       |       |    14 |       ||    14
Ability: Dig               |     1 |       |     1 |       |       ||     2
    Use: Scroll            |     1 |       |    14 |     9 |     7 ||    31
         Potion            |       |       |       |     1 |     2 ||     3
 Armour: Leather armour    |    45 |     2 |     8 |   135 |    19 ||   209
  Dodge: Dodged            |    51 |     5 |     9 |    94 |    14 ||   173
  Block: Other             |     8 |     3 |     2 |    30 |       ||    43
         Reflection        |       |       |       |     3 |       ||     3
